 Dungeon Crawl Stone Soup version 0.28.0-49-g6dfe1f597d (webtiles) character file.

Game seed: 12652976032092348172

41 101zpm the Magician (level 3, -1/25 HPs)
             Began as a Djinni Fire Elementalist on May 11, 2022.
             Slain by a wyvern zombie (15 damage)
             ... on level 6 of the Dungeon.
             The game lasted 00:01:32 (906 turns).

101zpm the Magician (Djinni Fire Elementalist)       Turns: 906, Time: 00:01:32

Health: -1/25      AC:  2    Str:  7    XL:     3   Next: 75%
Gold:   21         EV: 12    Int: 18    God:
                   SH:  0    Dex: 13

rFire   + + .      SeeInvis .   (no weapon)
rCold   x . .      Faith    .   (no shield)
rNeg    . . .      Spirit   .   a - +0 robe
rPois   ∞          Reflect  .   (no helmet)
rElec   .          Harm     .   (no cloak)
rCorr   .          Rampage  .   (no gloves)
Will    .....                   (boots unavailable)
Stlth   ++........              (no amulet)
HPRegen 0.08/turn               (no ring)
MPRegen 0.00/turn               (no ring)

@: flying, very slightly contaminated
A: sickness immunity, fire resistance 2, cold vulnerability 1, float, innate
caster, HP casting, extra vitality 1
a: no special abilities


You were on level 6 of the Dungeon.
You visited 1 branch of the dungeon, and saw 7 of its levels.

You collected 21 gold pieces.

Inventory:

Armour
 a - a +0 robe (worn)


   Skills:
 + Level 2.5 Dodging
 + Level 2.2 Stealth
 + Level 3.0 Spellcasting


You couldn't memorise any spells.
You knew the following spells:

 Your Spells              Type           Power      Damage    Failure   Level
a - Foxfire               Conj/Fire      52%        2x1d6     4%          1
b - Scorch                Fire           26%        2d6       7%          2
c - Conjure Flame         Conj/Fire      13%        6-21      14%         3
d - Inner Flame           Hex/Fire       13%        N/A       14%         3
e - Flame Wave            Conj/Fire      13%        2d6       41%         4
f - Slow                  Hex            52%        N/A       4%          1
Your spell library was empty.

Dungeon Overview and Level Annotations

Branches:
Dungeon (7/15)
 Temple: D:4-7

Altars:


Innate Abilities, Weirdness & Mutations

You are immune to sickness and miasma.
You are immune to poison.
Your flesh is very heat resistant. (rF++)
You are vulnerable to cold. (rC-)
You float through the air rather than walking.
You learn spells naturally, not from books.
Your magical power is your life essence.
You have superior vitality. (+4 MHP)


Message History

There is a stone staircase leading down here.
An adder comes into view.
The adder hisses angrily.
You conjure some foxfire!
Casting: Foxfire (safe; 4% risk of failure)
Confirm with . or Enter, or press ? or * to list all spells.
You miscast Scorch.
You are very lightly contaminated with residual magic.
Nothing appears to happen.
The foxfire hits the adder.
The adder is heavily wounded.
The foxfire hits the adder.
You kill the adder!
A wyvern zombie comes into view.
Casting: Scorch (safe; 7% risk of failure)
Confirm with . or Enter, or press ? or * to list all spells.
You don't know that spell.
You conjure some foxfire!
Casting: Foxfire (safe; 4% risk of failure)
Confirm with . or Enter, or press ? or * to list all spells.
Flames lash the wyvern zombie.
The wyvern zombie is lightly damaged.
The wyvern zombie's fire resistance burns away.
You hear an angry growl.
The foxfire hits the wyvern zombie!
The wyvern zombie is burned terribly!
The wyvern zombie is moderately damaged.
Casting: Scorch (safe; 7% risk of failure)
Confirm with . or Enter, or press ? or * to list all spells.
Flames lash the wyvern zombie.
The wyvern zombie is burned terribly!
The wyvern zombie is severely damaged.
The wyvern zombie closely misses you.
Casting: Scorch (safe; 7% risk of failure)
Confirm with . or Enter, or press ? or * to list all spells.
Flames lash the wyvern zombie.
The wyvern zombie is burned terribly!
The wyvern zombie is severely damaged.
The wyvern zombie bites you but does no damage.
Casting: Scorch (safe; 7% risk of failure)
Confirm with . or Enter, or press ? or * to list all spells.
You miscast Scorch.
Nothing appears to happen.
The wyvern zombie bites you!
Ouch! That really hurt!
You die...

#.#.# #.#.#
#.####.#.######
.......>......#
#...###.#..####
# #.#.## ##.#.#
####..#(#
#.@v.#..#
#Z####.## #. .#
#. .# .. ## .#
.. ##


You could see a wyvern zombie (combustible, ally target).

Vanquished Creatures
  3 adders
  A dart slug (D:3)
  A ball python (D:3)
  A bat (D:2)
  2 goblins
  A hobgoblin (D:2)
  2 kobolds
  3 rats
14 creatures vanquished.

Vanquished Creatures (others)
  66 foxfires
66 creatures vanquished.

Grand Total: 80 creatures vanquished

Notes
Turn   | Place    | Note
-------+----------+-------------------------------------------
     0 | D:1      | 101zpm the Djinni Fire Elementalist began the quest for the
                  | Orb.
     0 | D:1      | Reached XP level 1. HP: 15/15 MP: 0/0
   245 | D:2      | Reached XP level 2. HP: 11/21 MP: 0/0
   579 | D:3      | You are sucked into a shaft and drop 1 floor!
   589 | D:4      | Noticed an ogre
   592 | D:5      | Entered Level 5 of the Dungeon
   595 | D:5      | Reached skill level 3 in Spellcasting
   595 | D:5      | Reached XP level 3. HP: 7/25 MP: 0/0
   595 | D:5      | Learned a level 1 spell: Slow
   889 | D:7      | Noticed an ogre
   906 | D:6      | Slain by a wyvern zombie

Illustrated notes

Levels and vault maps discovered:
D:1:      pf_arrival_petrified_forest, layout_rooms,
          hellmonk_ecumenical_altar_inner_sanctum, interstate_on_off
D:2:      layout_rooms, basic_altar
D:3:      layout_basic, minivault_26, uniq_natasha
D:4:      layout_loops_ring
D:5:      layout_loops_corners, mainiacjoe_overflow_catwalk,
          kennysheep_generic_room_15
D:6:      layout_rooms, minmay_temple_entry_arrows, skrybe_limestone_x
D:7:      layout_gridville, enter_bailey_6, chequers_serial_rivers_room_a

Skill      XL: |  1  2  3 |
---------------+----------+-----
Spellcasting   | 3 |  3.0
Stealth        | 2 |  2.2
Dodging        | |  2.5

Action                   || total
-------------------------++-------
 Cast: Foxfire           ||    39
       Scorch            ||     4
Armor: Robe              ||     1
Dodge: Dodged            ||     2
